 Dungeon Crawl Stone Soup version 0.30-b1-2-g02819fbbbe (webtiles) character file.

Game seed: 15303907849759163980

1796365 phunky83 the Slayer (level 26, 252/252 (254) HPs)
             Began as a Minotaur Fighter on Oct 11, 2023.
             Was the Champion of Okawaru.
             Escaped with the Orb
             ... and 3 runes on Oct 12, 2023!
             The game lasted 04:19:17 (60644 turns).

phunky83 the Slayer (Minotaur Fighter)             Turns: 60644, Time: 04:19:17

HP:   252/252 (254) AC: 36    Str: 33    XL:     26   Next: 70%
MP:   29/29         EV: 14    Int: 10    God:    Okawaru [******]
Gold: 3105          SH: 29    Dex: 15    Spells: 31/35 levels left

rFire   + . .        X - +5 broad axe (flame)
rCold   + + .        e - +6 tower shield
rNeg    + . .        t - +0 gold dragon scales
rPois   +            (helmet restricted)
rElec   +            W - +2 cloak {Will+}
rCorr   +            L - +0 pair of gloves of Giremux {rPois rN+ Str+3 Int+3}
SInv    +            b - +1 pair of boots of Curiosity {Regen+ rCorr Dex+3}
Will    +++++        S - amulet of regeneration Stlth
                     v - ring "Wotte" {rPois Will+ SInv}
HPRegen 0.00/turn    O - ring of Devotion {Fly rElec Str+3}
MPRegen 0.21/turn

%: no passive effects
@: flying, inhibited regen, studying Spellcasting, lightly drained
A: horns 2, retaliatory headbutt, iridescent scales 1, cold resistance 1, dopey
1, strong-willed 2, inhibited regeneration, evolution 1
0: Orb of Zot
}: 3/15 runes: decaying, silver, gossamer
a: Renounce Religion, Heroism, Finesse, Duel


You escaped.
You worshipped Okawaru.
Okawaru was exalted by your worship.
You visited 10 branches of the dungeon, and saw 48 of its levels.
You visited the Abyss 1 time.
You also visited: Trove, Ice Cave and Volcano.

You collected 8411 gold pieces.
You spent 5306 gold pieces at shops.

Inventory:

Hand Weapons
 d - a +1 broad axe of holy wrath
 V - the +8 frozen axe "Frostbite" {freeze, freezing cloud, *Noise Fly rC+}
   (You took it off a fire giant on level 5 of the Vaults)

   rC:        It protects you from cold.
   Fly:       It grants you flight.
   *Noise:    It may make noises in combat.
 X - a +5 broad axe of flaming (weapon)
Missiles
 p - 26 boomerangs (quivered)
 z - 24 javelins
Armour
 b - the +1 pair of boots of Curiosity (worn) {Regen+ rCorr Dex+3}
   (Okawaru gifted it to you on level 3 of the Elven Halls)

   Dex:       It affects your dexterity (+3).
   Regen:     It increases your rate of health regeneration.
   rCorr:     It protects you from acid and corrosion.
 e - a +6 tower shield (worn)
 i - the +2 hat of the Red Skies {rElec rF+ Int+3}
   (Okawaru gifted it to you on level 1 of the Swamp)

   Int:       It affects your intelligence (+3).
   rF:        It protects you from fire.
   rElec:     It insulates you from electricity.
 o - the -1 hat of Beauty {rF+ Regen+ Str+5}
   (Okawaru gifted it to you on level 1 of the Lair of Beasts)

   Str:       It affects your strength (+5).
   rF:        It protects you from fire.
   Regen:     It increases your rate of health regeneration.
 t - +0 gold dragon scales (worn)
 L - the +0 pair of gloves of Giremux (worn) {rPois rN+ Str+3 Int+3}
   (You found it on level 1 of the Lair of Beasts)

   Str:       It affects your strength (+3).
   Int:       It affects your intelligence (+3).
   rPois:     It protects you from poison.
   rN:        It protects you from negative energy.
 W - a +2 cloak of willpower (worn)
Jewellery
 c - the ring "Xexzal" {rPois Int+2 Slay+2 Stlth+}
   (You found it in a treasure trove)

   [ring of poison resistance]

   Int:       It affects your intelligence (+2).
   Slay:      It affects your accuracy & damage with ranged weapons and melee
   (+2).
   rPois:     It protects you from poison.
   Stlth:     It makes you more stealthy.
 f - a ring of positive energy
 v - the ring "Wotte" (left hand) {rPois Will+ SInv}
   (You bought it in a shop on level 2 of the Depths)

   [ring of see invisible]

   rPois:     It protects you from poison.
   SInv:      It lets you see invisible.
   Will:      It increases your willpower.
 A - the ring "Giable" {rPois rF+ rC+ Stlth+}
   (You took it off an orc high priest on level 3 of the Elven Halls)

   [ring of poison resistance]

   rF:        It protects you from fire.
   rC:        It protects you from cold.
   rPois:     It protects you from poison.
   Stlth:     It makes you more stealthy.
 E - the ring "Amudda" {+Blink rF+++ rC+ Str-3 Dex+2}
   (You took it off a vault sentinel on level 5 of the Vaults)

   [ring of protection from cold]

   Str:       It affects your strength (-3).
   Dex:       It affects your dexterity (+2).
   rF:        It renders you almost immune to fire.
   rC:        It protects you from cold.
   +Blink:    It lets you blink.
 M - a +4 ring of protection
 O - the ring of Devotion (right hand) {Fly rElec Str+3}
   (You took it off an ironbound preserver on level 5 of the Vaults)

   [ring of flight]

   Str:       It affects your strength (+3).
   rElec:     It insulates you from electricity.
   Fly:       It grants you flight.
 S - an amulet of regeneration (around neck)
Wands
 a - a wand of polymorph (2)
 k - a wand of mindburst (10)
 s - a wand of acid (22)
 C - a wand of digging (52)
Scrolls
 g - 6 scrolls of silence
 h - 2 scrolls of blinking
 j - 2 scrolls of brand weapon
 l - a scroll of magic mapping
 y - 17 scrolls of teleportation
 P - 16 scrolls of fog
 T - 7 scrolls of fear
Potions
 m - 6 potions of invisibility
 n - 20 potions of heal wounds
 q - 11 potions of haste
 r - 20 potions of flight
 u - 12 potions of ambrosia
 x - 4 potions of attraction
 B - 3 potions of cancellation
 G - 2 potions of mutation
 H - 12 potions of curing
 I - 6 potions of berserk rage
 Q - 5 potions of lignification
 U - 2 potions of resistance
 Y - 7 potions of might


   Skills:
 + Level 24.2 Fighting
 + Level 22.0 Axes
 - Level 16.0 Throwing
 + Level 23.6 Armour
 - Level 15.0 Dodging
 - Level 8.0 Stealth
 + Level 23.6 Shields
 - Level 5.0 Spellcasting
 - Level 10.0 Translocations
 - Level 10.0 Transmutations
 - Level 8.0 Invocations


You had 31 spell levels left.
You knew the following spells:

 Your Spells              Type           Power      Damage    Failure   Level
a - Wereblood             Tmut           22%        N/A       4%          2
b - Lesser Beckoning      Tloc           44%        N/A       4%          2

Your spell library contained the following spells:

 Spells                   Type           Power      Damage    Failure   Level
 Apportation              Tloc           44%        N/A       2%          1
 Beastly Appendage        Tmut           44%        N/A       2%          1
 Blink                    Tloc           44%        N/A       4%          2
 Sting                    Tmut/Pois      48%        1d5       22%         1
 Passage of Golubria      Tloc           22%        N/A       26%         4
 Momentum Strike          Conj/Tloc      24%        3d8       32%         2
 Passwall                 Tmut/Erth      10%        N/A       32%         2
 Portal Projectile        Hex/Tloc       24%        N/A       54%         3
 Spider Form              Tmut/Pois      12%        N/A       54%         3
 Volatile Blastmotes      Fire/Tloc      24%        2d12      54%         3
 Ignite Poison            Fire/Tmut/Pois 9%         N/A       78%         3
 Foxfire                  Conj/Fire      8%         2x1d4     86%         1
 Freeze                   Ice            8%         1d3       86%         1
 Kiss of Death            Conj/Necr      8%         2d6       86%         1
 Magic Dart               Conj           8%         1d3       86%         1
 Necrotise                Necr           8%         1d4       86%         1
 Sandblast                Erth           4%         2d4       86%         1
 Slow                     Hex            8%         N/A       86%         1
 Iskenderun's Mystic Bla  Conj/Tloc      12%        2d5       91%         4
 Petrify                  Tmut/Erth      12%        N/A       91%         4
 Cigotuvi's Dreadful Rot  Necr/Pois/Air  4%         N/A       94%         2
 Ensorcelled Hibernation  Hex/Ice        4%         N/A       94%         2
 Poisonous Vapours        Pois/Air       4%         N/A       94%         2
 Scorch                   Fire           4%         2d5       94%         2
 Sublimation of Blood     Necr           2%         N/A       94%         2
 Confusing Touch          Hex            2%         N/A       99%         3
 Dazzling Flash           Conj/Hex       4%         N/A       99%         3
 Frozen Ramparts          Ice            4%         1d1       99%         3
 Hailstorm                Conj/Ice       2%         3d3       99%         3
 Inner Flame              Hex/Fire       2%         N/A       99%         3
 Mephitic Cloud           Conj/Pois/Air  2%         N/A       99%         3
 Ozocubu's Armour         Ice            2%         N/A       99%         3
 Stone Arrow              Conj/Erth      4%         3d7       99%         3
 Vampiric Draining        Necr           2%         2d6       99%         3
 Alistair's Intoxication  Tmut/Pois      8%         N/A       99%         5
 Yara's Violent Unravell  Hex/Tmut       6%         3d5       99%         5
 Dispel Undead            Necr           2%         3d7       100%        4
 Flame Wave               Conj/Fire      2%         2d4       100%        4
 Fulminant Prism          Conj/Hex       1%         3d5       100%        4
 Leda's Liquefaction      Hex/Erth       1%         N/A       100%        4
 Olgreb's Toxic Radiance  Pois           2%         N/A       100%        4
 Sticky Flame             Conj/Fire      2%         2d3       100%        4
 Agony                    Necr           2%         N/A       100%        5
 Borgnjor's Vile Clutch   Necr/Erth      1%         N/A       100%        5
 Fireball                 Conj/Fire      1%         3d3       100%        5
 Freezing Cloud           Conj/Ice/Air   1%         6-21      100%        5
 Lee's Rapid Deconstruct  Erth           1%         3d4*      100%        5
 Metabolic Englaciation   Hex/Ice        1%         N/A       100%        5
 Silence                  Hex/Air        1%         N/A       100%        5
 Conjure Ball Lightning   Conj/Air       1%         3x3d6     100%        6
 Plasma Beam              Fire/Air       1%         2x1d12    100%        6
 Starburst                Conj/Fire      1%         6d3       100%        6
 Statue Form              Tmut/Erth      8%         N/A       100%        6
 Enfeeble                 Hex            1%         N/A       100%        7
 Ozocubu's Refrigeration  Ice            1%         4d7       100%        7
 Disjunction              Tloc           11%        N/A       100%        8
 Lehudib's Crystal Spear  Conj/Erth      1%         10d2      100%        8
 Polar Vortex             Ice            1%         N/A       100%        9
 Summon Small Mammal      Summ           Unusable   N/A       N/A         1
 Call Imp                 Summ           Unusable   N/A       N/A         2
 Call Canine Familiar     Summ           Unusable   N/A       N/A         3
 Tukima's Dance           Hex            Unusable   N/A       N/A         3
 Summon Forest            Summ/Tloc      Unusable   N/A       N/A         5
 Animate Armour           Summ/Erth      Unusable   N/A       N/A         4
 Animate Dead             Necr           Unusable   N/A       N/A         4
 Death Channel            Necr           Unusable   N/A       N/A         6
 Simulacrum               Ice/Necr       Unusable   N/A       N/A         6
 Summon Cactus Giant      Summ           Unusable   N/A       N/A         6
 Summon Hydra             Summ           Unusable   N/A       N/A         7

Dungeon Overview and Level Annotations

Branches:
Dungeon (15/15)            Temple (1/1) D:7            Lair (5/5) D:10
  Swamp (4/4) Lair:3       Spider (4/4) Lair:2        Slime (0/5) Lair:4
    Orc (2/2) D:9             Elf (3/3) Orc:2        Vaults (5/5) D:13
  Crypt (0/3) Vaults:2     Depths (4/4) D:15            Zot (5/5) Depths:4
  IceCv (visited)         Volcano (visited)

Altars:
Ashenzari
Cheibriados
Dithmenos
Elyvilon
Fedhas
Gozag
Hepliaklqana
Kikubaaqudgha
Makhleb
Nemelex Xobeh
Okawaru
Qazlal
Ru
Sif Muna
Trog
Uskayaw
Vehumet
Wu Jian
Xom
Yredelemnul
Zin
The Shining One
Jiyva
Lugonu

Shops:
D:1 (   D:2 :   D:4 ***   Orc:2 (!(?(   Elf:1 *   Elf:2 (   Elf:3 ?
Vaults:2 *   Vaults:3 ![!*   Depths:2 =:=

Portals:
Hell: Depths:1 Depths:2 Depths:3 Depths:4
Abyss: Elf:3 Depths:1 Depths:3
Pandemonium: Depths:2
Ziggurat: Depths:3

Annotations:
Spider:1 2 transporters, Roxanne; catramo's ghost, journeyman NaTm
Elf:1 3 runed translucent doors, ioannis32's ghost, adept DsBe
Elf:2 3 runed translucent doors
Vaults:1 3 runed translucent doors, Nobody9876's ghost, adept HuFi
Zot:5 exclusion: obsidian statue


Innate Abilities, Weirdness & Mutations

You have a pair of horns on your head.
You reflexively headbutt those who attack you in melee.
You are partially covered in iridescent scales. (AC +2)
Your flesh is cold resistant. (rC+)
You are dopey. (Int -2)
You are highly strong-willed. (Will++)
You do not regenerate when monsters are visible.
You have hidden genetic potential.


Message History

You slash the Orb Guardian! You burn the Orb Guardian.
You kill the Orb Guardian!
Okawaru accepts your kill.
You start resting.
A chaos spawn comes into view.
The chaos spawn gives a hideous shriek!
You fly upwards.
There is a stone staircase leading down here.
(D) Dungeon (T) Temple (L) Lair (S) Swamp (N) Spider Nest (M) Slime Pits (O) Orcish Mines (E) Elven Halls (V) Vaults (C) Crypt (U) Depths (H) Hell (Z) Zot
Where to? (Enter - D:1 @ (x,y), ? - help)
Things that are here:
a +0 club; a +0 leather armour; a +0 short sword
Things that are here:
a +0 leather armour; a +0 hand axe
There is a stone staircase leading up here.
You fly upwards.
There is a stone staircase leading down here.
There is a stone staircase leading up here.
HP restored.
You fly upwards.
There is a stone staircase leading down here.
A Moyd and a chaos spawn come into view.
The chaos spawn gives a chilling moan.
There is a stone staircase leading up here.
You fly upwards.
There is a stone staircase leading down here.
(D) Dungeon (T) Temple (L) Lair (S) Swamp (N) Spider Nest (M) Slime Pits (O) Orcish Mines (E) Elven Halls (V) Vaults (C) Crypt (U) Depths (H) Hell (Z) Zot
Where to? (Enter - D:1 @ (x,y), ? - help)
There is an open door here.
There is an open door here.
An Orb Guardian comes into view.
There is a staircase leading out of the dungeon here.
You can't go down here!
You have escaped!

.###.###....................# .#
#..##.###############.#.## .#
##....#.............#.#.# ### .#
####.#.............#...# #.. .#
#.#..........(..#.### #.# .#
#.#######'#######.# #.# .#
#.#.............#.## ##.#
.#######.'⌠....###...[⌠+..####...
.........#.....X@......#..+......
.#######.#..⌠...>...⌠..#..####...
.# #..###+#######'###......... .#
#...................######. .#
#....#########....#.# #. .#
##.### #...##'###.# ####. ## #.#
###...##.# #.# #.... #.#
#........# #.# #.##. #.#
#...>....###.# #.##.


You could see an Orb Guardian.

Vanquished Creatures
  12 orbs of fire
  3 dread liches
  the Lernaean hydra (Swamp:4)
  Bai Suzhen (Swamp:4)
  3 Killer Klowns
  Margery (Depths:4)
  2 curse toes
  9 golden dragons
  Jory (Vaults:3)
  4 bone dragons
  2 doom hounds (Zot:4)
  A Tzitzimitl (D:5)
  Jorgrun (Swamp:1)
  23 tentacled monstrosities
  4 liches
  28 Orb Guardians
  6 titans
  2 deep elf blademasters (Elf:3)
  Grunn (Zot:4)
  9 quicksilver dragons
  3 deep elf master archers (Elf:3)
  4 tentacled starspawn (Abyss:2)
  An Executioner (Abyss:2)
  8 death cobs
  3 sphinxes
  Frances (D:13)
  Agnes (D:15)
  14 storm dragons
  Kirke (Swamp:3)
  10 shadow dragons
  4 tengu reavers
  9 draconian monks
  7 deep elf sorcerers (Elf:3)
  4 draconian knights
  6 fire giants
  11 vault wardens
  5 emperor scorpions
  7 draconian scorchers
  An azure jelly (IceCv)
  2 iron dragons
  2 ghost moths
  9 frost giants
  Louise (Spider:3)
  The ghost of Giaff the Carver, a journeyman DsGl of Makhleb (D:15)
  A balrug (Depths:1)
  2 spriggan defenders (Depths:2)
  A draconian shifter (Zot:4)
  A broodmother (Spider:2)
  4 draconian stormcallers
  3 deep elf elementalists (Elf:3)
  9 draconian annihilators
  4 war gargoyles
  22 ironbound preservers
  6 orc warlords
  4 ironbound thunderhulks
  The ghost of Zafagom the Warrior, a journeyman MiBe of Trog (D:13)
  13 stone giants
  Nessos (Lair:4)
  16 very ugly things
  3 quicksilver oozes (IceCv)
  8 green draconians
  19 black draconians
  5 deep elf demonologists
  11 dire elephants
  6 eleionomae
  13 yellow draconians
  A bunyip (Swamp:4)
  9 purple draconians
  8 spark wasps
  8 deep elf annihilators (Elf:3)
  4 deep elf death magi
  21 red draconians
  A blizzard demon (Abyss:2)
  10 white draconians
  A minotaur (shapeshifter) (Vaults:5)
  A crystal guardian (Vaults:4)
  5 great orbs of eyes
  10 fire dragons
  15 yaktaur captains
  9 ettins
  9 entropy weavers
  7 deep elf high priests
  3 jiangshi (Depths:3)
  5 ice dragons
  3 rakshasas
  19 hydras
  5 catoblepae
  A hell beast (D:11)
  31 vault guards (Vaults:5)
  A peacekeeper (Vaults:4)
  10 ironbound frosthearts
  2 ogre magi
  A radroach (Spider:2)
  6 spriggan air magi
  6 boulder beetles
  5 two-headed ogres
  16 centaur warriors
  2 jorogumos
  A merfolk avatar (Lair:5)
  8 dancing weapons
  12 alligators
  11 death yaks
  2 deep troll shamans (Depths:4)
  Urug (D:13)
  8 deep troll earth magi
  2 vampire magi (Depths:3)
  5 tengu warriors
  9 spriggan berserkers
  A thrashing horror (Abyss:2)
  3 orc high priests
  Nergalle (Orc:1)
  4 skysharks (Lair:5)
  20 hell knights
  A shadow wraith (Vaults:5)
  A sixfirhy (D:5)
  2 iron trolls
  26 deep elf knights
  2 wretched stars (Abyss:2)
  2 sun demons
  4 goliath frogs
  11 skeletal warriors
  9 pharaoh ants
  3 sun moths (Spider:4)
  A swamp dragon (shapeshifter) (Depths:3)
  53 deep trolls
  3 flayed ghosts
  5 glowing orange brains
  12 swamp dragons
  11 orb spiders
  10 deep elf archers
  4 lindwurms
  6 phantasmal warriors
  8 wizards
  2 harpies
  14 bog bodies
  2 starcursed masses (Abyss:2)
  A mana viper (shapeshifter) (Vaults:5)
  18 ironbound convokers
  27 deep elf zephyrmancers
  6 steelbarb worms
  9 necromancers
  31 deep elf pyromancers
  6 orc sorcerers
  8 wolf spiders
  26 orc knights
  The ghost of ILmort the Magician, a novice DjFE of Gozag (D:5)
  An oklob plant (Lair:2)
  41 ugly things
  2 tengu skeletons
  3 will-o-the-wisps
  A manticore (D:12)
  6 cyclopes
  2 elephants (Lair:5)
  30 moths of wrath
  A moth of wrath (shapeshifter) (Elf:1)
  A stone giant skeleton (Vaults:2)
  19 vault sentinels
  7 demonic crawlers
  A frost giant skeleton (Vaults:2)
  2 frost giant zombies (D:15)
  An ice statue (IceCv)
  A rust devil (Depths:2)
  2 black mambas (Lair:2)
  7 torpor snails
  2 orange demons
  An unseen horror (D:12)
  A cane toad (shapeshifter) (Vaults:5)
  A smoke demon (Abyss:2)
  14 cane toads
  12 komodo dragons
  4 rime drakes
  2 efreet
  A kobold demonologist (D:10)
  23 yaktaurs
  2 tengu conjurers
  An ice devil (Depths:1)
  2 yaktaur skeletons (Vaults:2)
  A red devil (Zot:5)
  6 polar bears
  A queen bee (D:15)
  6 trolls
  5 bloated husks
  2 hellwings (Abyss:2)
  2 wind drakes (Lair:5)
  2 meliai
  4 tyrant leeches
  5 saltlings (Orc:2)
  9 large abominations
  4 raiju (Abyss:2)
  17 tarantellas
  A snapping turtle (shapeshifter) (Vaults:5)
  29 blink frogs
  15 hornets
  11 dream sheep (Lair:5)
  32 slime creatures
  A spriggan zombie (D:15)
  11 culicivoras
  12 water elementals
  28 jumping spiders
  8 wyverns
  7 wraiths
  An ettin skeleton (Vaults:2)
  48 yaks
  2 air elementals (Elf:3)
  2 shadows
  A vampire (Abyss:2)
  11 spriggans
  7 hogs (Swamp:3)
  9 fire bats (Volcano)
  A basilisk (shapeshifter) (D:13)
  5 basilisks
  21 fire elementals
  A fire bat (shapeshifter) (Vaults:5)
  The ghost of nullcheck the Protected, an amateur GnWn (D:3)
  8 steam dragons
  53 redbacks
  Edmund (D:6)
  A chaos spawn (Depths:1)
  4 wargs
  11 vampire mosquitoes
  6 small abominations
  14 water moccasins
  14 swamp worms
  An acid dragon (D:8)
  9 hell hounds
  An ogre skeleton (Vaults:2)
  A glowing shapeshifter skeleton (Vaults:2)
  7 swamp drakes (Swamp:4)
  29 orc warriors
  2 sky beasts
  3 great orb of eyes simulacra (IceCv)
  2 ice beasts (D:6)
  A black bear (D:6)
  9 wolves
  8 ogres
  5 boggarts (Vaults:2)
  15 centaurs
  A human skeleton (Vaults:2)
  3 phantoms
  3 slime creature simulacra (IceCv)
  5 kobold brigands
  11 bullfrogs
  4 gnoll sergeants
  2 scorpions
  3 earth elementals
  3 glowing shapeshifter simulacra (IceCv)
  19 wights
  19 killer bees
  2 electric eels
  3 howler monkeys (D:8)
  4 jellies
  9 lava snakes (Volcano)
  A sleepcap (D:7)
  2 gnoll boudas
  18 orc priests
  Crazy Yiuf (D:7)
  5 hounds
  An iron imp (Abyss:2)
  An iguana (D:7)
  22 orc wizards
  Terence (D:2)
  2 shapeshifter simulacra (IceCv)
  21 gnolls
  9 adders
  14 white imps
  2 ufetubi
  4 worms
  3 dart slugs
  91 orcs
  7 ball pythons
  4 bats
  7 endoplasms
  8 giant cockroaches
  7 goblins
  7 hobgoblins
  13 jackals
  5 quokkas
  A bat (shapeshifter) (Vaults:5)
  3 frilled lizards
  4 kobolds
  4 rats
  A pillar of salt (Orc:2)
  2 spectral weapons
  4 starspawn tentacles (Abyss:2)
2124 creatures vanquished.

Vanquished Creatures (others)
  2 draconian knights
  A hell beast (Zot:5)
  2 wizards (Vaults:3)
  A deep elf zephyrmancer (Elf:3)
  A smoke demon (Depths:1)
  A tyrant leech (Swamp:3)
  2 bloated husks (Swamp:3)
  A jumping spider (Spider:4)
  A redback (Spider:4)
  A swamp drake (Swamp:3)
  12 foxfires
  25 fungi
  2 lurking horrors (Elf:3)
  A pillar of salt (Orc:2)
  32 plants
  6 starspawn tentacles (Abyss:2)
  3 withered plants (D:15)
94 creatures vanquished.

Grand Total: 2218 creatures vanquished

Notes
Turn   | Place    | Note
-------+----------+-------------------------------------------
     0 | D:1      | phunky83 the Minotaur Fighter began the quest for the Orb.
     0 | D:1      | Reached XP level 1. HP: 19/19 MP: 0/0
     1 | D:1      | Found a runed translucent door.
     1 | D:1      | Noticed a jelly
   285 | D:1      | Reached XP level 2. HP: 27/27 MP: 1/1
   675 | D:1      | Found Bowiatru's Weapon Boutique.
   923 | D:2      | Reached XP level 3. HP: 33/33 MP: 2/2
   930 | D:2      | Reached skill level 4 in Fighting
   949 | D:2      | Found Safram's Book Boutique.
  1064 | D:2      | Reached XP level 4. HP: 40/40 MP: 3/3
  1496 | D:2      | Noticed Terence
  1507 | D:2      | Killed Terence
  1695 | D:3      | Found a faded altar of an unknown god.
  1851 | D:3      | Found a shimmering blue altar of Sif Muna.
  1912 | D:3      | Found a snail-covered altar of Cheibriados.
  1937 | D:3      | Found an ornate altar of the Wu Jian Council.
  2033 | D:3      | Found a shadowy altar of Dithmenos.
  2069 | D:3      | Found a runed translucent door.
  2070 | D:3      | Noticed nullcheck's ghost (amateur GnWn)
  2212 | D:4      | Reached XP level 5. HP: 32/47 MP: 4/4
  2288 | D:4      | Found Amuh's Assorted Antiques.
  2295 | D:4      | Bought a clear potion for 23 gold pieces
  2295 | D:4      | Bought a sedimented black potion for 23 gold pieces
  2338 | D:4      | Reached skill level 5 in Axes
  2435 | D:4      | Reached XP level 6. HP: 30/55 MP: 5/5
  2626 | D:4      | Found Jeyg's General Store.
  2706 | D:4      | Reached skill level 5 in Fighting
  2706 | D:4      | Reached skill level 5 in Armour
  2706 | D:4      | Reached skill level 5 in Shields
  2848 | D:4      | Found Haecyim's Serpentskin Sales.
  2848 | D:4      | Noticed a water moccasin
  2848 | D:4      | Noticed a water moccasin
  2855 | D:4      | Killed a water moccasin
  2861 | D:4      | Killed a water moccasin
  2862 | D:4      | Reached XP level 7. HP: 34/61 MP: 6/6
  3283 | D:4      | Found a shimmering altar of Xom.
  3329 | D:5      | Entered Level 5 of the Dungeon
  3479 | D:5      | Reached skill level 6 in Fighting
  3738 | D:5      | Found a glowing silver altar of Zin.
  3742 | D:5      | Noticed a yak
  3742 | D:5      | Noticed a yak
  3742 | D:5      | Noticed a yak
  3808 | D:5      | Reached XP level 8. HP: 66/71 MP: 7/7
  3870 | D:5      | Found a large runed translucent door.
  3871 | D:5      | Found a large runed translucent door.
  3874 | D:5      | Noticed ILmort's ghost (novice DjFE)
  3955 | D:5      | Identified the +8 mace of Pyromania {freeze, +Blink rF++
                  | Str-5 Dex+4}
  4394 | D:6      | Found a sacrificial altar of Ru.
  4459 | D:6      | Reached skill level 7 in Fighting
  4819 | D:6      | Reached skill level 10 in Axes
  4819 | D:6      | Reached XP level 9. HP: 55/80 MP: 8/8
  5006 | D:2      | Bought a book of Blood for 308 gold pieces
  5009 | D:2      | Learned a level 2 spell: Wereblood
  5154 | D:6      | Reached skill level 1 in Transmutations
  5203 | D:6      | Found a sparkling altar of Nemelex Xobeh.
  5384 | D:6      | Noticed Edmund
  5399 | D:6      | Killed Edmund
  6007 | D:7      | Found a radiant altar of Vehumet.
  6042 | D:7      | Found a staircase to the Ecumenical Temple.
  6048 | Temple   | Entered the Ecumenical Temple
  6213 | Temple   | Became a worshipper of Warmaster Okawaru
  6355 | D:7      | Found a white marble altar of Elyvilon.
  6714 | D:7      | Reached skill level 5 in Transmutations
  6779 | D:7      | Found a runed translucent door.
  6780 | D:7      | Noticed Crazy Yiuf
  6994 | D:7      | Killed Crazy Yiuf
  7232 | D:8      | Reached skill level 8 in Fighting
  7344 | D:8      | Reached * piety under Okawaru
  7361 | D:8      | Noticed a troll
  7374 | D:8      | Killed a troll
  7907 | D:8      | Reached XP level 10. HP: 79/90 MP: 9/9
  8024 | D:8      | Reached ** piety under Okawaru
  8188 | D:8      | Reached skill level 9 in Fighting
  8462 | D:8      | Found a hazy altar of Hepliaklqana.
  8679 | D:8      | Reached *** piety under Okawaru
  8809 | D:8      | Noticed a deep elf pyromancer
  8821 | D:8      | Killed a deep elf pyromancer
  8840 | D:8      | Noticed a six-headed hydra
  8841 | D:8      | Noticed a centaur warrior
  8844 | D:8      | Noticed a cyclops
  8851 | D:8      | Noticed a deep elf pyromancer
  9123 | D:9      | Found a staircase to the Orcish Mines.
  9161 | D:9      | Reached skill level 10 in Fighting
  9218 | D:9      | Noticed a two-headed ogre
  9227 | D:9      | Killed a two-headed ogre
  9227 | D:9      | Reached **** piety under Okawaru
  9228 | D:9      | Reached skill level 10 in Armour
  9228 | D:9      | Reached XP level 11. HP: 72/99 MP: 10/10
  9327 | D:9      | Noticed a two-headed ogre
  9335 | D:9      | Killed a two-headed ogre
  9745 | D:9      | Noticed a boulder beetle
  9753 | D:9      | Killed a boulder beetle
 10019 | D:10     | Entered Level 10 of the Dungeon
 10280 | D:3      | Killed nullcheck's ghost
 10356 | D:5      | Killed ILmort's ghost
 10543 | D:10     | Found a hide-covered altar of Uskayaw.
 10562 | D:10     | Reached ***** piety under Okawaru
 10659 | D:10     | Found an opulent altar of Gozag.
 10753 | D:10     | Found an ancient bone altar of Kikubaaqudgha.
 11002 | D:10     | Found a staircase to the Lair.
 11159 | D:10     | Noticed a white ugly thing
 11163 | D:10     | Killed a white ugly thing
 11164 | D:10     | Reached skill level 11 in Fighting
 11323 | Lair:1   | Entered Level 1 of the Lair of Beasts
 11395 | Lair:1   | Identified the -1 hat of Beauty {rF+ Regen+ Str+5} (Okawaru
                  | gifted it to you on level 1 of the Lair of Beasts)
 11395 | Lair:1   | Received a gift from Okawaru
 11404 | Lair:1   | Reached skill level 15 in Axes
 11561 | Lair:1   | Reached XP level 12. HP: 107/111 MP: 11/11
 11716 | Lair:1   | Identified the +0 pair of gloves of Giremux {rPois rN+
                  | Str+3 Int+3}
 12345 | Lair:2   | Found a hole to the Spider Nest.
 12473 | Lair:2   | Reached skill level 12 in Fighting
 12885 | Lair:2   | Noticed a catoblepas
 12898 | Lair:2   | Killed a catoblepas
 13112 | Lair:2   | Noticed an eight-headed hydra
 13119 | Lair:2   | Killed a four-headed hydra
 13161 | Lair:2   | Identified the ring "Lixzoke" {Wiz *Slow rPois rC+ rN+}
 13422 | D:4      | Bought a scroll of identify for 20 gold pieces
 13422 | D:4      | Bought 2 scrolls of enchant weapon for 150 gold pieces
 13664 | Lair:3   | Reached skill level 13 in Fighting
 13687 | Lair:3   | Identified the +5 rapier of Hubed {heavy, Dex+4}
 13850 | Lair:3   | Received a gift from Okawaru
 13929 | Lair:3   | Reached ****** piety under Okawaru
 14013 | Lair:3   | Noticed a death yak
 14034 | Lair:3   | Killed a death yak
 14035 | Lair:3   | Reached skill level 14 in Fighting
 14055 | Lair:3   | Noticed a death yak
 14056 | Lair:3   | Noticed a death yak
 14058 | Lair:3   | Noticed a death yak
 14059 | Lair:3   | Noticed a death yak
 14066 | Lair:3   | Killed a death yak
 14069 | Lair:3   | Killed a death yak
 14070 | Lair:3   | Reached XP level 13. HP: 80/124 MP: 12/12
 14343 | Lair:3   | Found a staircase to the Swamp.
 14719 | Lair:4   | Found a dark tunnel.
 14728 | Volcano  | Entered a volcano
 14854 | Volcano  | Reached skill level 15 in Fighting
 14857 | Volcano  | Reached skill level 15 in Armour
 14890 | Volcano  | Found a radiant altar of Vehumet.
 15089 | Lair:4   | Identified the +1 pair of boots "Omionutt" {Contam rF+
                  | rCorr} (Okawaru gifted it to you on level 4 of the Lair of
                  | Beasts)
 15089 | Lair:4   | Received a gift from Okawaru
 15180 | Lair:4   | Found a viscous altar of Jiyva.
 15201 | Lair:4   | Found a staircase to the Slime Pits.
 15289 | Lair:4   | Noticed Nessos
 15298 | Lair:4   | Killed Nessos
 15636 | Lair:4   | Reached skill level 16 in Fighting
 15992 | Lair:5   | Entered Level 5 of the Lair of Beasts
 16224 | Lair:5   | Found a frozen archway.
 16268 | Lair:5   | Received a gift from Okawaru
 16274 | Lair:5   | Reached XP level 14. HP: 101/138 MP: 13/13
 16321 | IceCv    | Entered an ice cave
 16454 | IceCv    | Noticed a quicksilver ooze
 16467 | IceCv    | Killed a quicksilver ooze
 16585 | IceCv    | Noticed a quicksilver ooze
 16593 | IceCv    | Killed a quicksilver ooze
 16594 | IceCv    | Reached skill level 17 in Fighting
 17016 | IceCv    | Found a viscous altar of Jiyva.
 17016 | IceCv    | Noticed an azure jelly
 17018 | IceCv    | Noticed a quicksilver ooze
 17025 | IceCv    | Killed a quicksilver ooze
 17026 | IceCv    | Reached skill level 1 in Throwing
 17026 | IceCv    | Reached skill level 1 in Invocations
 17030 | IceCv    | Killed an azure jelly
 17143 | IceCv    | Identified the +0 ring mail of Esmain {Str+3}
 17458 | Lair:5   | Received a gift from Okawaru
 17567 | Lair:5   | Reached skill level 5 in Throwing
 17567 | Lair:5   | Reached skill level 5 in Invocations
 17821 | Lair:5   | Got Osorat's Papyrus of Transposed Trauma
 18139 | Orc:1    | Entered Level 1 of the Orcish Mines
 18426 | Orc:2    | Entered Level 2 of the Orcish Mines
 18842 | Orc:2    | Found Nosol's Antique Weapon Shoppe.
 18923 | Orc:2    | Found a staircase to the Elven Halls.
 19009 | Orc:2    | Found Sosoris's Weapon Shop.
 19081 | Orc:2    | Found Alisavvei's Magic Scroll Shop.
 19122 | Orc:2    | Received a gift from Okawaru
 19126 | Orc:2    | Reached XP level 15. HP: 78/146 MP: 16/19
 19187 | Orc:2    | Found Koad Line's Distillery.
 19262 | Orc:2    | Found Duomill's Weapon Boutique.
 19553 | Orc:1    | Noticed Nergalle
 19559 | Orc:1    | Killed Nergalle
 19781 | Orc:2    | Bought a scroll of fog for 44 gold pieces
 19781 | Orc:2    | Bought a scroll of blinking for 82 gold pieces
 19781 | Orc:2    | Bought a scroll of teleportation for 33 gold pieces
 19781 | Orc:2    | Bought a scroll of enchant armour for 82 gold pieces
 19781 | Orc:2    | Bought a scroll of fog for 44 gold pieces
 19781 | Orc:2    | Bought a scroll of blinking for 82 gold pieces
 19800 | Orc:2    | Bought a potion of heal wounds for 60 gold pieces
 19800 | Orc:2    | Bought a potion of mutation for 96 gold pieces
 19800 | Orc:2    | Bought a potion of curing for 36 gold pieces
 19800 | Orc:2    | Bought a potion of curing for 36 gold pieces
 19800 | Orc:2    | Bought a potion of ambrosia for 96 gold pieces
 20848 | D:12     | Found a portal to a secret trove of treasure.
 21293 | D:13     | Received a gift from Okawaru
 21323 | D:13     | Noticed Urug
 21325 | D:13     | Noticed Frances
 21329 | D:13     | Killed Urug
 21338 | D:13     | Killed Frances
 21400 | D:13     | Found a runed translucent door.
 21402 | D:13     | Found a shimmering altar of Xom.
 21402 | D:13     | Noticed Zafagom's ghost (journeyman MiBe)
 21585 | D:13     | Reached skill level 10 in Throwing
 21640 | D:13     | Received a gift from Okawaru
 21898 | D:13     | Paralysed by something for 4 turns
 22036 | D:13     | Received a gift from Okawaru
 22039 | D:13     | Found a gate to the Vaults.
 22160 | D:13     | Killed Zafagom's ghost
 22888 | D:14     | Learned a level 2 spell: Lesser Beckoning
 22909 | D:15     | Entered Level 15 of the Dungeon
 23006 | D:15     | Received a gift from Okawaru
 23047 | D:15     | Identified the +0 battleaxe "Taismorph" {drain, +Blink rN+}
                  | (Okawaru gifted it to you on level 15 of the Dungeon)
 23047 | D:15     | Received a gift from Okawaru
 23058 | D:15     | Reached skill level 1 in Translocations
 23125 | D:15     | Found a staircase to the Depths.
 23281 | D:15     | Found a transporter.
 23286 | D:15     | Found a transporter.
 23286 | D:15     | Noticed Giaff's ghost (journeyman DsGl)
 23307 | D:15     | Noticed Agnes
 23317 | D:15     | Killed Agnes
 24127 | Spider:1 | Entered Level 1 of the Spider Nest
 24226 | Spider:1 | Reached XP level 16. HP: 155/155 MP: 21/21
 24343 | Spider:1 | Reached skill level 5 in Translocations
 24370 | Spider:1 | Received a gift from Okawaru
 24385 | Spider:1 | Found a transporter.
 24391 | Spider:1 | Noticed catramo's ghost (journeyman NaTm)
 24401 | Spider:1 | Noticed Roxanne
 24494 | Spider:1 | Found a transporter.
 24980 | Spider:2 | Identified the +4 acid dragon scales of the Bull {rPois
                  | rCorr Stlth+} (Okawaru gifted it to you on level 2 of the
                  | Spider Nest)
 24980 | Spider:2 | Received a gift from Okawaru
 25006 | Spider:2 | Identified the +2 robe "Fygib" {rC+ Regen+ Dex-3}
 25321 | Spider:2 | You fall into a shaft and drop 1 floor!
 25583 | Spider:3 | Noticed Louise
 25596 | Spider:3 | Killed Louise
 25604 | Spider:3 | Identified a scroll of acquirement
 25608 | Spider:3 | Acquired a +1 heavy broad axe
 25936 | Spider:3 | Reached skill level 1 in Dodging
 26982 | Spider:4 | Entered Level 4 of the Spider Nest
 26989 | Spider:4 | Reached skill level 5 in Dodging
 27005 | Spider:3 | Received a gift from Okawaru
 27465 | Spider:4 | Identified the +3 robe of the Fiddle {+Blink} (Okawaru
                  | gifted it to you on level 4 of the Spider Nest)
 27465 | Spider:4 | Received a gift from Okawaru
 27943 | Spider:4 | Reached XP level 17. HP: 93/161 MP: 22/22
 27967 | Spider:4 | Reached skill level 10 in Dodging
 28346 | Spider:4 | Identified the orb of Good Intentions {guile, Int+5}
 28351 | Spider:4 | Got a gossamer rune of Zot
 28647 | Vaults:1 | Entered Level 1 of the Vaults
 29176 | Vaults:1 | Received a gift from Okawaru
 29229 | Vaults:1 | Found a runed translucent gate.
 29229 | Vaults:1 | Found a runed translucent gate.
 29229 | Vaults:1 | Found a runed translucent gate.
 29229 | Vaults:1 | Noticed Nobody9876's ghost (adept HuFi)
 29229 | Vaults:1 | Noticed an acid blob
 29232 | Vaults:1 | Found a viscous altar of Jiyva.
 29345 | Vaults:1 | Reached skill level 18 in Fighting
 29391 | Vaults:1 | Identified the quicksilver dragon scales of Hiss {+Inv
                  | Will+ MP-9 Str+4} (Okawaru gifted it to you on level 1 of
                  | the Vaults)
 29391 | Vaults:1 | Received a gift from Okawaru
 30073 | Vaults:2 | Found a staircase to the Crypt.
 30143 | Vaults:2 | Reached XP level 18. HP: 172/172 MP: 23/23
 30211 | Vaults:2 | HP: 5/172 [vault warden/+0 great sword (36)]
 30337 | Vaults:2 | Identified the +1 robe of Hangman {Rampage *Corrode Will+
                  | Str+4 Dex+3}
 30423 | Abyss:2  | Found a corrupted altar of Lugonu.
 30423 | Abyss:2  | Cast into level 2 of the Abyss (a wizard)
 30500 | Abyss:2  | Found a corrupted altar of Lugonu.
 30556 | Abyss:2  | Noticed a bone dragon
 30568 | Abyss:2  | Killed a bone dragon
 30645 | Abyss:2  | Received a gift from Okawaru
 30676 | Abyss:2  | Reached skill level 10 in Shields
 30833 | Abyss:2  | Noticed a bone dragon
 30842 | Abyss:2  | Killed a bone dragon
 30899 | Abyss:2  | Found a corrupted altar of Lugonu.
 31091 | Vaults:2 | Escaped the Abyss
 31177 | Vaults:2 | Found Odagig's Distillery.
 31216 | Vaults:2 | Bought a potion of heal wounds for 90 gold pieces
 31216 | Vaults:2 | Bought a potion of resistance for 180 gold pieces
 31216 | Vaults:2 | Bought a potion of curing for 54 gold pieces
 31216 | Vaults:2 | Bought a potion of haste for 180 gold pieces
 31216 | Vaults:2 | Bought a potion of mutation for 144 gold pieces
 31216 | Vaults:2 | Bought a potion of mutation for 144 gold pieces
 31216 | Vaults:2 | Bought a potion of mutation for 144 gold pieces
 31335 | Vaults:2 | Received a gift from Okawaru
 31655 | Vaults:2 | Found Doagab's Assorted Antiques.
 31663 | Vaults:2 | Bought a scroll of fog for 152 gold pieces
 31663 | Vaults:2 | Bought a potion of curing for 114 gold pieces
 32182 | Vaults:2 | Received a gift from Okawaru
 32366 | Vaults:3 | Found Votriebu's Distillery.
 32381 | Vaults:3 | Bought a potion of curing for 48 gold pieces
 32381 | Vaults:3 | Bought 2 potions of curing for 96 gold pieces
 32381 | Vaults:3 | Bought a potion of curing for 48 gold pieces
 32381 | Vaults:3 | Bought a potion of curing for 48 gold pieces
 32381 | Vaults:3 | Bought a potion of haste for 160 gold pieces
 32571 | D:12     | You paid a toll of 18 potions of curing to enter a treasure
                  | trove
 32572 | Trove    | Entered a treasure trove
 32579 | Trove    | Identified the ring "Cemaal" {rPois rN+}
 32594 | Trove    | Identified the ring "Niablid" {Fly Int+2}
 32609 | Trove    | Identified the ring "Xexzal" {rPois Int+2 Slay+2 Stlth+}
 32806 | Swamp:1  | Entered Level 1 of the Swamp
 32820 | Swamp:1  | Noticed Jorgrun
 32828 | Swamp:1  | Killed Jorgrun
 32888 | Swamp:1  | Identified the +2 hat of the Red Skies {rElec rF+ Int+3}
                  | (Okawaru gifted it to you on level 1 of the Swamp)
 32888 | Swamp:1  | Received a gift from Okawaru
 32931 | Swamp:1  | Identified the +5 lajatang of the Golden God {freeze, rC+}
 33641 | Swamp:2  | Reached skill level 10 in Translocations
 33763 | Swamp:3  | Noticed Kirke
 33779 | Swamp:3  | Paralysed by a sphinx for 4 turns
 33785 | Swamp:3  | Killed Kirke
 33786 | Swamp:3  | Reached XP level 19. HP: 160/179 MP: 24/24
 34381 | Swamp:4  | Entered Level 4 of the Swamp
 34571 | Swamp:4  | Identified the +0 battleaxe of Acyrr {holy, rPois Int+2
                  | SInv} (Okawaru gifted it to you on level 4 of the Swamp)
 34571 | Swamp:4  | Received a gift from Okawaru
 34607 | Swamp:4  | Noticed the 27-headed Lernaean hydra
 34948 | Swamp:4  | Reached skill level 10 in Transmutations
 35316 | Swamp:4  | Reached skill level 15 in Shields
 35396 | Swamp:4  | Noticed Bai Suzhen
 35421 | Swamp:4  | Killed Bai Suzhen
 35559 | Swamp:4  | Identified the +3 chain mail "Pumad" {rCorr}
 35760 | Swamp:4  | Killed the 17-headed Lernaean hydra
 35803 | Swamp:4  | Got a decaying rune of Zot
 36398 | D:8      | Received a gift from Okawaru
 36993 | D:15     | Received a gift from Okawaru
 37023 | D:15     | Killed Giaff's ghost
 37257 | Vaults:3 | Received a gift from Okawaru
 37410 | Vaults:3 | Found Suleo's Assorted Antiques.
 37430 | Vaults:3 | Bought a scroll of enchant armour for 345 gold pieces
 37430 | Vaults:3 | Bought a pair of embroidered gloves for 345 gold pieces
 37598 | Vaults:3 | Reached XP level 20. HP: 187/187 MP: 25/25
 37705 | Vaults:3 | Noticed Jory
 37725 | Vaults:3 | Killed Jory
 37781 | Vaults:3 | Received a gift from Okawaru
 37921 | Vaults:3 | Found Lysekente's Armour Shop.
 38026 | Vaults:3 | Found Bekhluak's Distillery.
 38032 | Vaults:3 | Bought a potion of berserk rage for 70 gold pieces
 38032 | Vaults:3 | Bought a potion of curing for 42 gold pieces
 38032 | Vaults:3 | Bought a potion of heal wounds for 70 gold pieces
 38032 | Vaults:3 | Bought a potion of heal wounds for 70 gold pieces
 38032 | Vaults:3 | Bought a potion of heal wounds for 70 gold pieces
 38237 | Vaults:3 | Got Udwunt's Vellum of Quantum Cryomancy
 39324 | Vaults:4 | Received a gift from Okawaru
 39502 | Arena    | Entered the Arena
 39615 | Vaults:4 | Identified the +3 hand axe "Zyfock" {flame, rC+ Int+2
                  | Stlth+} (Okawaru gifted it to you on level 4 of the Vaults)
 39615 | Vaults:4 | Received a gift from Okawaru
 39742 | Vaults:5 | Entered Level 5 of the Vaults
 40034 | Vaults:5 | Received a gift from Okawaru
 40222 | Vaults:5 | Reached skill level 15 in Dodging
 40230 | Vaults:5 | Reached XP level 21. HP: 194/194 MP: 19/26
 40248 | Vaults:5 | Received a gift from Okawaru
 40545 | Vaults:5 | Identified the +0 leather armour of Bedevilment {+Blink
                  | rC+}
 40586 | Vaults:5 | Got a silver rune of Zot
 40640 | Vaults:5 | Noticed a dread lich
 40657 | Vaults:5 | Killed a dread lich
 40685 | Vaults:5 | Reached skill level 19 in Fighting
 40728 | Vaults:5 | Noticed a golden dragon
 40745 | Vaults:5 | Killed a golden dragon
 41151 | Vaults:5 | Identified the staff of conjuration "Caotoirei" {Fragile
                  | rElec rPois Int+3}
 41170 | Vaults:5 | Identified the +0 plate armour of Lilacs {Harm rPois}
 41172 | Vaults:5 | Identified the +2 chain mail "Asepioli" {+Inv rC+ rN+}
 41694 | Vaults:5 | Received a gift from Okawaru
 42035 | Vaults:5 | Identified the ring "Amudda" {+Blink rF+++ rC+ Str-3 Dex+2}
 42069 | Vaults:5 | Reached skill level 20 in Fighting
 42069 | Vaults:5 | Identified the +2 glaive of Henakix {freeze, rElec rPois
                  | rF+ Int+2}
 42076 | Vaults:5 | Reached skill level 1 in Spellcasting
 42232 | Vaults:5 | Identified the ring of Devotion {Fly rElec Str+3}
 42306 | Vaults:5 | Received a gift from Okawaru
 42404 | Vaults:5 | Got Arelin's Treatise on Shifting Voltage
 42423 | Vaults:5 | Identified the +4 flail of Laasmoof {heavy, rC+ Int+2}
 42434 | Vaults:5 | Got the Folio of Energy
 42475 | Vaults:5 | Identified the +6 morningstar of Arbitration {venom, rC+
                  | Will+ Int+3}
 42893 | Elf:1    | Entered Level 1 of the Elven Halls
 43036 | Elf:1    | Reached skill level 5 in Spellcasting
 43064 | Elf:1    | Reached skill level 1 in Stealth
 43076 | Elf:1    | Found Saedeic's Specific Store.
 43077 | Elf:1    | Found Tamiusum's General Store.
 43101 | Elf:1    | Bought a scroll of teleportation for 57 gold pieces
 43105 | Elf:1    | Bought a scroll of enchant weapon for 142 gold pieces
 43105 | Elf:1    | Bought a potion of haste for 190 gold pieces
 43105 | Elf:1    | Bought a potion of cancellation for 152 gold pieces
 43119 | Elf:1    | Found a runed translucent gate.
 43121 | Elf:1    | Found a runed translucent gate.
 43121 | Elf:1    | Found a runed translucent gate.
 43124 | Elf:1    | Noticed ioannis32's ghost (adept DsBe)
 43684 | Elf:1    | Found an iron altar of Okawaru.
 43723 | Elf:2    | Reached skill level 5 in Stealth
 43750 | Elf:2    | Reached XP level 22. HP: 189/209 MP: 25/28
 43754 | Elf:2    | Received a gift from Okawaru
 43760 | Elf:2    | Identified the +10 dagger of the Inferno {chaos, Int+3}
 43902 | Elf:2    | Found Eligg's Antique Weapon Shop.
 43911 | Elf:2    | Gained mutation: Your magical capacity is low. (-10% MP) [a
                  | neqoxec]
 44023 | Elf:2    | Found a radiant altar of Vehumet.
 44098 | Elf:2    | Received a gift from Okawaru
 44168 | Elf:2    | Found a runed translucent gate.
 44168 | Elf:2    | Found a runed translucent gate.
 44168 | Elf:2    | Found a runed translucent gate.
 44377 | Elf:3    | Entered Level 3 of the Elven Halls
 44386 | Elf:3    | Paralysed by an air elemental for 1 turns
 44461 | Elf:3    | Found an ancient bone altar of Kikubaaqudgha.
 44466 | Elf:3    | Paralysed by an air elemental for 1 turns
 44673 | Elf:3    | Found Fuexoaf's Magic Scroll Shop.
 44681 | Elf:3    | Bought a scroll of fear for 52 gold pieces
 44681 | Elf:3    | Bought a scroll of magic mapping for 97 gold pieces
 44681 | Elf:3    | Bought a scroll of fog for 52 gold pieces
 44681 | Elf:3    | Bought a scroll of fog for 52 gold pieces
 44681 | Elf:3    | Bought a scroll of silence for 123 gold pieces
 44681 | Elf:3    | Bought a scroll of fear for 52 gold pieces
 44822 | Elf:3    | Found a one-way gate to the infinite horrors of the Abyss.
 44823 | Elf:3    | Found a corrupted altar of Lugonu.
 45617 | Elf:3    | Identified the +1 chain mail of the Falcon {rN++ Dex+3}
 45617 | Elf:3    | Identified the ring "Giable" {rPois rF+ rC+ Stlth+}
 45796 | Elf:3    | Identified the +9 great mace "Fuebyghu" {heavy, rN+ Int+2}
 45805 | Elf:3    | Identified the +1 pair of boots of Curiosity {Regen+ rCorr
                  | Dex+3} (Okawaru gifted it to you on level 3 of the Elven
                  | Halls)
 45805 | Elf:3    | Received a gift from Okawaru
 46134 | Elf:3    | Identified the staff of poison "Quxteudi" {rPois Int+3}
 46143 | Elf:3    | Identified the staff of air "Ristrisal" {rElec rCorr Str+4
                  | Int-2}
 46144 | Elf:3    | Identified the staff of fire "Naanaesm" {rElec rF+ rC+
                  | Int+3}
 46194 | Elf:3    | Identified the +4 sling "Ceaclemm" {freeze, Dex-3 SInv
                  | Stlth+}
 46367 | Elf:3    | Acquired the +2 cloak of Understanding {rElec Dex+3}
 46771 | Depths:1 | Entered Level 1 of the Depths
 47118 | Depths:1 | Found an opulent altar of Gozag.
 47225 | Depths:1 | Identified the +3 falchion of the Madman {vamp, rPois
                  | Int+4}
 47338 | Depths:1 | You fall into a shaft and drop 1 floor!
 47669 | Depths:1 | Found a gateway to Hell.
 47719 | Depths:1 | Identified the +8 chain mail of Fiyfec {rCorr}
 48314 | Depths:2 | Found Oromekut's Jewellery Shop.
 48315 | Depths:2 | Found Buth's Book Shoppe.
 48316 | Depths:2 | Found Peukaem's Jewellery Shop.
 48322 | Depths:2 | Bought the ring "Wotte" {rPois Will+ SInv} for 508 gold
                  | pieces
 48385 | Depths:2 | Found a one-way gate leading to the halls of Pandemonium.
 48638 | Depths:3 | Reached skill level 15 in Throwing
 48936 | Depths:3 | Found a one-way gateway to a ziggurat.
 49104 | Depths:3 | Reached XP level 23. HP: 215/215 MP: 26/26
 49197 | Depths:3 | Received a gift from Okawaru
 49694 | Depths:3 | Got Sif Muna's Grimoire of Imprecation
 49832 | Depths:4 | Entered Level 4 of the Depths
 49934 | Depths:4 | Received a gift from Okawaru
 49998 | Depths:4 | Noticed Margery
 50492 | Depths:4 | Identified the +1 plate armour "Dagyetid" {+Blink rElec
                  | rN+}
 50506 | Depths:4 | Killed Margery
 50916 | Depths:4 | Found a stormy altar of Qazlal.
 51050 | Depths:4 | Received a gift from Okawaru
 51108 | Depths:4 | Found a gate to the Realm of Zot.
 51409 | Zot:1    | Entered Level 1 of the Realm of Zot
 52069 | Zot:1    | Identified the +3 glaive of Dung {flame, Int-2 Dex+4}
 52150 | Zot:1    | Reached skill level 21 in Fighting
 52930 | Zot:2    | Reached XP level 24. HP: 231/231 MP: 26/26
 52941 | Zot:2    | Received a gift from Okawaru
 53487 | Zot:2    | Reached XP level 25. HP: 226/227 MP: 26/26
 53500 | Zot:2    | Noticed an orb of fire
 53518 | Zot:2    | Killed an orb of fire
 53634 | Zot:2    | Received a gift from Okawaru
 53913 | Zot:3    | Reached skill level 22 in Fighting
 54228 | Zot:3    | Received a gift from Okawaru
 54735 | Zot:3    | Noticed a Killer Klown
 54757 | Zot:3    | Killed a Killer Klown
 55063 | Zot:3    | Identified the +1 pair of gloves "Elir" {+Inv rC+ Int-2}
 55083 | Zot:3    | Noticed a Killer Klown
 55108 | Zot:3    | Killed a Killer Klown
 56393 | Zot:4    | Noticed Grunn
 56395 | Zot:4    | Identified the +1 falchion "Jacsal" {flame, rPois rC+}
                  | (Okawaru gifted it to you on level 4 of the Realm of Zot)
 56395 | Zot:4    | Received a gift from Okawaru
 56403 | Zot:4    | Killed Grunn
 56917 | Zot:4    | Reached skill level 23 in Fighting
 56917 | Zot:4    | Noticed an orb of fire
 56929 | Zot:4    | Gained mutation: You are frail. (-10% HP) [an orb of fire]
 56936 | Zot:4    | Gained mutation: Your spells are a little easier to cast,
                  | but a little less powerful. [an orb of fire]
 56940 | Zot:4    | Gained mutation: You are weak. (Str -2) [an orb of fire]
 56944 | Zot:4    | Gained mutation: You sometimes lose your temper in combat.
                  | [an orb of fire]
 56945 | Zot:4    | Killed an orb of fire
 56960 | Zot:4    | Lost mutation: You are weak. (Str -2) [potion of mutation]
 56960 | Zot:4    | Lost mutation: You are frail. (-10% HP) [potion of
                  | mutation]
 56960 | Zot:4    | Gained mutation: You expend magic power (3 MP) to
                  | strengthen your wands. [potion of mutation]
 56960 | Zot:4    | Gained mutation: You are vulnerable to heat. (rF-) [potion
                  | of mutation]
 56960 | Zot:4    | Gained mutation: Your mind is acute. (Int +4, Str/Dex -1)
                  | [potion of mutation]
 56961 | Zot:4    | Lost mutation: Your magical capacity is low. (-10% MP)
                  | [potion of mutation]
 56961 | Zot:4    | Lost mutation: Your mind is acute. (Int +4, Str/Dex -1)
                  | [potion of mutation]
 56961 | Zot:4    | Gained mutation: You have hidden genetic defects. [potion
                  | of mutation]
 56961 | Zot:4    | Gained mutation: You have a pair of large horns on your
                  | head. [potion of mutation]
 56962 | Zot:4    | Lost mutation: You have hidden genetic defects. [potion of
                  | mutation]
 56962 | Zot:4    | Lost mutation: Your spells are a little easier to cast, but
                  | a little less powerful. [potion of mutation]
 56962 | Zot:4    | Lost mutation: You have a pair of large horns on your head.
                  | [potion of mutation]
 56962 | Zot:4    | Gained mutation: Your body sometimes deteriorates upon
                  | taking damage. [potion of mutation]
 56962 | Zot:4    | Gained mutation: Your spells are a little harder to cast,
                  | but a little more powerful. [potion of mutation]
 56979 | Zot:4    | Lost mutation: Your spells are a little harder to cast, but
                  | a little more powerful. [potion of mutation]
 56979 | Zot:4    | Lost mutation: You expend magic power (3 MP) to strengthen
                  | your wands. [potion of mutation]
 56979 | Zot:4    | Lost mutation: You are vulnerable to heat. (rF-) [potion of
                  | mutation]
 56979 | Zot:4    | Gained mutation: Your natural rate of healing is unusually
                  | fast. [potion of mutation]
 56980 | Zot:4    | Lost mutation: Your natural rate of healing is unusually
                  | fast. [potion of mutation]
 56980 | Zot:4    | Lost mutation: You sometimes lose your temper in combat.
                  | [potion of mutation]
 56980 | Zot:4    | Gained mutation: You are dopey. (Int -2) [potion of
                  | mutation]
 56980 | Zot:4    | Gained mutation: You have hidden genetic potential. [potion
                  | of mutation]
 56980 | Zot:4    | Gained mutation: You passively map a small area around you.
                  | [potion of mutation]
 57066 | Zot:4    | Noticed an orb of fire
 57070 | Zot:4    | Gained mutation: You occasionally shout uncontrollably at
                  | your foes. [an orb of fire]
 57085 | Zot:4    | Killed an orb of fire
 57118 | Zot:4    | Lost mutation: You are dopey. (Int -2) [potion of mutation]
 57118 | Zot:4    | Lost mutation: You occasionally shout uncontrollably at
                  | your foes. [potion of mutation]
 57118 | Zot:4    | Gained mutation: You possess an exceptional clarity of
                  | mind. [potion of mutation]
 57118 | Zot:4    | Gained mutation: Your spells are a little harder to cast,
                  | but a little more powerful. [potion of mutation]
 57213 | Zot:5    | Entered Level 5 of the Realm of Zot
 57354 | Zot:5    | Received a gift from Okawaru
 57687 | Zot:5    | Found a transporter.
 58169 | Zot:5    | Reached XP level 26. HP: 251/251 MP: 29/29
 58223 | Zot:5    | Noticed a dread lich
 58225 | Zot:5    | Noticed a dread lich
 58236 | Zot:5    | Noticed an orb of fire
 58243 | Zot:5    | Noticed an orb of fire
 58247 | Zot:5    | Noticed an orb of fire
 58280 | Zot:5    | Gained mutation: You occasionally lose the ability to read
                  | scrolls when taking damage. [an orb of fire]
 58281 | Zot:5    | Killed an orb of fire
 58286 | Zot:5    | Killed a dread lich
 58292 | Zot:5    | Noticed an orb of fire
 58431 | Zot:5    | Lost mutation: Your spells are a little harder to cast, but
                  | a little more powerful. [an orb of fire]
 58442 | Zot:5    | Killed an orb of fire
 58449 | Zot:5    | Gained mutation: You are weak. (Str -2) [an orb of fire]
 58452 | Zot:5    | Gained mutation: You are clumsy. (Dex -2) [an orb of fire]
 58468 | Zot:5    | Killed an orb of fire
 58477 | Zot:5    | Killed an orb of fire
 58713 | Zot:5    | Killed a dread lich
 58716 | Zot:5    | Received a gift from Okawaru
 59243 | Zot:5    | Noticed an orb of fire
 59252 | Zot:5    | Gained mutation: Your body often deteriorates upon taking
                  | damage. [an orb of fire]
 59254 | Zot:5    | Killed an orb of fire
 59307 | Zot:5    | Received a gift from Okawaru
 59481 | Zot:5    | Noticed an orb of fire
 59658 | Zot:5    | Noticed an orb of fire
 59670 | Zot:5    | Killed an orb of fire
 59691 | Zot:5    | Lost mutation: You are weak. (Str -2) [potion of mutation]
 59691 | Zot:5    | Lost mutation: You are clumsy. (Dex -2) [potion of
                  | mutation]
 59691 | Zot:5    | Gained mutation: Your flesh is heat resistant. (rF+)
                  | [potion of mutation]
 59692 | Zot:5    | Lost mutation: Your body often deteriorates upon taking
                  | damage. [potion of mutation]
 59692 | Zot:5    | Lost mutation: You occasionally lose the ability to read
                  | scrolls when taking damage. [potion of mutation]
 59692 | Zot:5    | Lost mutation: Your flesh is heat resistant. (rF+) [potion
                  | of mutation]
 59692 | Zot:5    | Gained mutation: Your natural rate of healing is unusually
                  | fast. [potion of mutation]
 59692 | Zot:5    | Gained mutation: Your flesh is cold resistant. (rC+)
                  | [potion of mutation]
 59692 | Zot:5    | Gained mutation: You have an increased reservoir of magic.
                  | (+10% MP) [potion of mutation]
 59713 | Zot:5    | Noticed an orb of fire
 59720 | Zot:5    | Gained mutation: You are clumsy. (Dex -2) [an orb of fire]
 59723 | Zot:5    | Killed an orb of fire
 59734 | Zot:5    | Noticed an orb of fire
 59737 | Zot:5    | Noticed an orb of fire
 59741 | Zot:5    | Lost mutation: You possess an exceptional clarity of mind.
                  | [an orb of fire]
 59742 | Zot:5    | Noticed an orb of fire
 59747 | Zot:5    | Killed an orb of fire
 59749 | Zot:5    | Gained mutation: You are dopey. (Int -2) [an orb of fire]
 59754 | Zot:5    | Reached skill level 24 in Fighting
 59848 | Zot:5    | Got the Orb of Zot
 59869 | Zot:5    | Gained mutation: Your spells are a little easier to cast,
                  | but a little less powerful. [an orb of fire]
 59869 | Zot:5    | Gained mutation: You occasionally lose the ability to read
                  | scrolls when taking damage. [an orb of fire]
 59872 | Zot:5    | Gained mutation: You are very dopey. (Int -4) [an orb of
                  | fire]
 59873 | Zot:5    | Gained mutation: You are frail. (-10% HP) [an orb of fire]
 59875 | Zot:5    | Gained mutation: You sometimes lose the ability to read
                  | scrolls when taking damage. [an orb of fire]
 59883 | Zot:5    | Gained mutation: You are very clumsy. (Dex -4) [an orb of
                  | fire]
 59884 | Zot:5    | Lost mutation: You are very dopey. (Int -4) [potion of
                  | mutation]
 59884 | Zot:5    | Lost mutation: You are very clumsy. (Dex -4) [potion of
                  | mutation]
 59884 | Zot:5    | Lost mutation: Your natural rate of healing is unusually
                  | fast. [potion of mutation]
 59884 | Zot:5    | Lost mutation: You are frail. (-10% HP) [potion of
                  | mutation]
 59902 | Zot:5    | Identified the +5 chain mail of Tenacity {rF++ Regen+}
                  | (Okawaru gifted it to you on level 5 of the Realm of Zot)
 59902 | Zot:5    | Received a gift from Okawaru
 59908 | Zot:5    | Killed an orb of fire
 59937 | Zot:5    | Lost mutation: You passively map a small area around you.
                  | [potion of mutation]
 59937 | Zot:5    | Lost mutation: Your body sometimes deteriorates upon taking
                  | damage. [potion of mutation]
 59937 | Zot:5    | Gained mutation: You have a pair of large horns on your
                  | head. [potion of mutation]
 59938 | Zot:5    | Lost mutation: You have a pair of large horns on your head.
                  | [potion of mutation]
 59938 | Zot:5    | Lost mutation: You have an increased reservoir of magic.
                  | (+10% MP) [potion of mutation]
 59938 | Zot:5    | Lost mutation: Your spells are a little easier to cast, but
                  | a little less powerful. [potion of mutation]
 59938 | Zot:5    | Lost mutation: You sometimes lose the ability to read
                  | scrolls when taking damage. [potion of mutation]
 59938 | Zot:5    | Gained mutation: Your body sometimes deteriorates upon
                  | taking damage. [potion of mutation]
 59939 | Zot:5    | Lost mutation: You occasionally lose the ability to read
                  | scrolls when taking damage. [potion of mutation]
 59939 | Zot:5    | Lost mutation: You are clumsy. (Dex -2) [potion of
                  | mutation]
 59939 | Zot:5    | Lost mutation: Your body sometimes deteriorates upon taking
                  | damage. [potion of mutation]
 59939 | Zot:5    | Gained mutation: You occasionally lose the ability to drink
                  | potions when taking damage. [potion of mutation]
 59939 | Zot:5    | Gained mutation: You sometimes lose your temper in combat.
                  | [potion of mutation]
 59939 | Zot:5    | Gained mutation: You do not regenerate when monsters are
                  | visible. [potion of mutation]
 59939 | Zot:5    | Gained mutation: You are strong-willed. (Will+) [potion of
                  | mutation]
 59940 | Zot:5    | Lost mutation: You sometimes lose your temper in combat.
                  | [potion of mutation]
 59940 | Zot:5    | Lost mutation: You occasionally lose the ability to drink
                  | potions when taking damage. [potion of mutation]
 59940 | Zot:5    | Gained mutation: You are highly strong-willed. (Will++)
                  | [potion of mutation]
 59940 | Zot:5    | Gained mutation: You are partially covered in iridescent
                  | scales. (AC +2) [potion of mutation]
 60109 | Depths:3 | Noticed a seraph
 60626 | D:2      | Noticed Moyd the pandemonium lord
 60644 | D:$      | Escaped with the Orb!

Illustrated notes

Levels and vault maps discovered:
D:1:      dpeg_arrival_caged_fury, layout_loops_corners, serial_shops, shop
D:2:      layout_basic, serial_shops, shop, dreamdust_mushroom_princess,
          kennysheep_cross_room, kennysheep_generic_room_15, uniq_terence
D:3:      layout_basic, nicolae_sif_muna_condensation, slow_altar_2,
          nicolae_overflow_crystal_walls, mainiacjoe_overflow_six_doors_small,
          ebering_ecumenical_altar_mist, hellmonk_ghost_happy_afterlife,
          grunt_decor_one_mirror, minmay_misc_feat_plants, patterned_corridor
D:4:      layout_loops_ring, general_overflow_altar, serial_shops, shop,
          nicolae_shop_pleasant_corner_grove, solitary_fountain,
          guppyfry_shop_venom
D:5:      layout_cave_pools, zin_academy, ebering_ghost_disaster_area
D:6:      layout_loops_ring, mainiacjoe_overflow_brackets,
          nemelex_diamond_rough_becter, uniq_edmund
D:7:      layout_basic, mainiacjoe_overflow_24_doors,
          mainiacjoe_overflow_tiny_flanked, minmay_temple_entry_hall,
          hellmonk_bongcloud_opening, uniq_crazy_yiuf_cottage
D:8:      minmay_the_grid_octo_tiled_octocenter
          [minmay_the_grid_octo_thin_diamonds, minmay_the_grid_octo_clover_2,
          minmay_the_grid_octo_focus, minmay_the_grid_octo_checkered,
          minmay_the_grid_octo_prize_star, minmay_the_grid_square_5x5_shrine1,
          minmay_the_grid_square_5x5_minimal,
          minmay_the_grid_square_5x5_inner_v,
          minmay_the_grid_square_5x5_moneybag], layout_basic,
          mainiacjoe_overflow_alcove_1, kennysheep_generic_room_3
D:9:      layout_long_grid, orc_0_dummy
D:10:     layout_stronghold, kiku_gazebo_pond_becter,
          mainiacjoe_overflow_concentric_impassable,
          eat_drink_and_be_merry_uskayaw, lair_entry_dummy, minmay_rotating_lava
D:11:     layout_basic, minmay_stone_trees_small, lightli_fourway_metalbox
D:12:     layout_loops_ring, enter_trove_0
D:13:     layout_cave_pools, hangedman_vaults_entry_quadrant_bands,
          ebering_ghost_xom, uniq_urug, uniq_frances
D:14:     layout_roguey, corexii_hall_statues_s
D:15:     gammafunk_depths_entry_grave, layout_stronghold,
          amcnicky_mini_rare_corridor_liquid, gammafunk_ghost_hive,
          serial_bayou, serial_bayou_shore_a, serial_bayou_pond_e,
          serial_bayou_shore_b, serial_bayou_crossing, corexii_checkpoint_a,
          minmay_misc_feat_encased, uniq_agnes
Temple:   hellmonk_temple_forest_ring
Lair:1:   layout_gridlike, serial_bayou_lagoon_b, lemuel_fruit_tree
Lair:2:   cheibrodos_lair_river_kwai, layout_regular_city,
          spider_nest_entry_web_field
Lair:3:   layout_long_grid, nicolae_swamp_entry_splash_gauntlet
Lair:4:   layout_small_grid, nicolae_slime_entry_field_trip, enter_volcano_1,
          uniq_nessos
Lair:5:   gammafunk_lair_ancient_temple, layout_hall_layers,
          portal_ice_cave_entry_imps, grunt_megastairs_1
Swamp:1:  layout_basic_swamp, evilmike_swamp_ruin_house_3, uniq_jorgrun
Swamp:2:  layout_basic_swamp, nicolae_swamp_small_spring, swamp_pool3,
          infiniplex_staircase_pool_2
Swamp:3:  nicolae_swamp_husk_halls, layout_falls_marsh,
          evilmike_swamp_ruin_house_6, uniq_kirke
Swamp:4:  grunt_swamp_rune_castle, layout_basic_swamp, swamp_pool3,
          uniq_bai_suzhen
Spider:1: layout_spider_delve, gammafunk_ghost_mausoleum, uniq_roxanne
Spider:2: layout_spider_delve, nicolae_spider_stair_cavern
Spider:3: layout_chambers, nicolae_spider_cling_halls, uniq_louise
Spider:4: grunt_spider_rune_island
Orc:1:    layout_caves, uniq_nergalle
Orc:2:    hellmonk_orc_salted, layout_caves, serial_shops, shop_coins
Elf:1:    nicolae_elf_arrival_fired_up, layout_gridlike,
          gammafunk_ghost_fury_of_okawaru, minmay_elf_necromancy,
          nicolae_specific_store
Elf:2:    nicolae_elf_blades_splatter_lattice [nicolae_blade_little_rooms],
          layout_geoelf_grid, serial_shops, shop, basic_altar
Elf:3:    minmay_elf_hall_furrowed, layout_loops_ring, serial_shops, shop,
          basic_altar, solitary_fountain, amcnicky_altar_lugonu_corruption
Vaults:1: gammafunk_ghost_ooze, v_alt_pattern_2, vaults_room_large_hall,
          nicolae_vaults_sightless_eye, nicolae_vaults_murder_corner,
          nicolae_vaults_yaktaur_gun_rack, vaults_mumra_minichess, v_misc_14,
          nicolae_vaults_network_periphery, v_misc_2, nicolae_vaults_little_ls,
          grunt_vaults_focal, ontoclasm_vaults_gateway, layout_vaults_ring
Vaults:2: nicolae_vaults_angled_halls, nicolae_vaults_tetromino_T_2,
          st_spiral_rooms, v_alt_pattern_1, v_misc_18,
          hangedman_vaults_capsules, minmay_crypt_entry_skeletal_spiral,
          nicolae_vaults_shrinking_rooms_2, nicolae_vaults_mitosis,
          nicolae_vaults_sealed_display, nicolae_vaults_closet_pinwheel_1,
          vaults_dpeg_ring, nicolae_vaults_cochlea, layout_vaults_omnicross,
          serial_shops, nicolae_square_shop, shop
Vaults:3: hangedman_vaults_cutoff, vaults_room_corners,
          vaults_dpeg_encased_lava, nicolae_vaults_tetromino_Z_2, v_rooms_5,
          nicolae_vaults_layer_cake_slice, v_rooms_2, ontoclasm_vaults_bender,
          v_pattern_1, v_misc_24, nicolae_vaults_stairing_the_circle,
          nicolae_vaults_little_squares_1, nicolae_vaults_library_corner,
          layout_vaults_maze, serial_shops, nicolae_shop_tiny_real_fake_doors,
          shop, nicolae_shop_advertising_works [nicolae_subvault_shop_adworks],
          shop, uniq_jory
Vaults:4: hangedman_vaults_cutoff, vaults_dpeg_hooks, ontoclasm_vaults_pinch,
          nicolae_vaults_network_barrier, vaults_room_corners,
          hangedman_vaults_slice, ontoclasm_vaults_shout,
          nicolae_vaults_storage_room_glass, layout_vaults_chaotic_city
Vaults:5: serial_shops
Depths:1: layout_forbidden_donut, nicolae_abyss_entry_one_way_or_another,
          chequers_serial_rivers_room_a, lightli_too_deep, minivault_10,
          grunt_ministairs_8, grunt_gozag_statues, nicolae_integral_box
Depths:2: nicolae_cairo_tiling_large, layout_cave_pools, rand_demon_pan_entry_1,
          hell_entry, dreamdust_wishing_well, infiniplex_staircase_pool_1,
          minmay_shop_grove
Depths:3: cross_vault, layout_long_grid, enter_ziggurat_a,
          hangedman_abyss_entry_splay, pf_coc_iceberg, minmay_holes,
          infiniplex_staircase_spiral_double
Depths:4: grunt_zot_entry_funnels, layout_cave_pools,
          pf_vacation_house_of_asmodeus, nicolae_qazlal_style_of_elements,
          infiniplex_staircase_pool_lava, uniq_margery
Zot:1:    layout_cellular_growth, skrybe_zot_glass_1, grunt_megastairs_3
Zot:2:    layout_gridlike, grunt_ministairs_13
Zot:3:    layout_basic
Zot:4:    lemuel_firehouse, layout_concentric_octagons, uniq_grunn
Zot:5:    layout_basic, nicolae_diode_basic

Skill      XL: |  1  2  3  4  5  6  7  8  9 10 11 12 13 14 15 16 17 18 19 20 21 22 23 24 25 26 |
---------------+-------------------------------------------------------------------------------+-----
Axes           | 3 4 5 6 7 10 11 13 15 16 18 19 20 22 | 22.0
Shields        | 4 5 8 13 18 20 21 22 23 | 23.6
Fighting       | 4 5 6 7 8 10 11 14 16 17 18 20 21 23 24 | 24.2
Armour         | 4 5 6 7 8 10 11 14 16 17 18 20 21 22 23 | 23.6
Transmutations | 5 8 10 | 10.0
Throwing       | 7 10 15 16 | 16.0
Invocations    | 7 8 |  8.0
Translocations | 4 5 7 10 | 10.0
Dodging        | 9 10 15 | 15.0
Spellcasting   | 5 |  5.0
Stealth        | 5 8 |  8.0

Action                     |  1- 3 |  4- 6 |  7- 9 | 10-12 | 13-15 | 16-18 | 19-21 | 22-24 | 25-27 || total
---------------------------+-------+-------+-------+-------+-------+-------+-------+-------+-------++-------
  Melee: War axe           |    58 |   106 |   276 |   426 |   254 |       |       |       |       ||  1120
         Headbutt          |     7 |    14 |    47 |    79 |   203 |   239 |   445 |   391 |   325 ||  1750
         Broad axe         |       |       |       |       |   681 |  1010 |  1608 |  1269 |  1039 ||  5607
  Throw: Javelin           |       |       |       |       |     7 |    17 |     8 |    17 |    54 ||   103
         Boomerang         |       |       |       |       |       |       |       |       |     3 ||     3
   Cast: Wereblood         |       |       |       |       |     6 |     3 |    10 |     8 |     5 ||    32
         Lesser Beckoning  |       |       |       |       |       |       |     9 |    32 |    25 ||    66
 Invoke: Heroism           |       |       |       |     2 |     3 |       |    16 |     5 |     5 ||    31
         Finesse           |       |       |       |       |     2 |       |    10 |       |     2 ||    14
         Duel              |       |       |       |       |       |       |     1 |       |       ||     1
  Evoke: Wand              |       |       |       |       |       |     1 |       |       |       ||     1
    Use: Scroll            |     2 |     3 |     5 |    13 |    18 |    11 |    15 |    10 |    13 ||    90
         Potion            |       |     1 |     1 |     3 |     1 |     7 |     1 |     2 |    16 ||    32
   Stab: Distracted        |       |       |       |       |       |       |       |     2 |       ||     2
 Armour: Scale mail        |    16 |     7 |       |       |       |       |       |       |       ||    23
         Plate armour      |       |    44 |   101 |   107 |   481 |   783 |   528 |   322 |       ||  2366
         Gold dragon scale |       |       |       |       |       |       |       |    17 |   252 ||   269
  Dodge: Dodged            |    22 |    65 |   125 |   170 |   255 |   426 |   376 |   376 |   201 ||  2016
  Block: Buckler           |    10 |    22 |    67 |       |       |       |       |       |       ||    99
         Kite shield       |       |       |     5 |   158 |   407 |   541 |       |       |       ||  1111
         Tower shield      |       |       |       |       |       |   112 |  1206 |  1281 |   924 ||  3523
